 Dungeon Crawl Stone Soup version 0.30-a0-165-g1891117ce2 (webtiles) character file.

Game seed: 6027629583728453000

2559 ragingrage the Zephyrmancer (level 9, -1/45 HPs)
             Began as a Tengu Air Elementalist on Sept 29, 2022.
             Was a Follower of Vehumet.
             Slain by a sky beast (5 damage)
             ... on level 7 of the Dungeon.
             The game lasted 00:11:18 (8490 turns).

ragingrage the Zephyrmancer (TeAE)                  Turns: 8490, Time: 00:11:19

Health: -1/45      AC:  9    Str:  9    XL:     9   Next: 56%
Magic:  17/17      EV: 14    Int: 20    God:    Vehumet [*.....]
Gold:   367        SH:  5    Dex: 14    Spells: 2/18 levels left

rFire   + . .      SeeInvis .    a - +2 short sword (venom)
rCold   . . .      Faith    .    C - +0 buckler
rNeg    . . .      Spirit   .    y - +3 leather armour
rPois   +          Reflect  .    n - +2 hat
rElec   .          Harm     .    k - +0 cloak
rCorr   .          Rampage  .    (no gloves)
Will    .....                    (boots unavailable)
Stlth   ++........               (no amulet)
HPRegen 0.15/turn                d - ring of protection from fire
MPRegen 0.15/turn                D - ring of poison resistance

@: flying quickly and evasively, quick
A: beak, talons 3, nimble flight
a: Renounce Religion


You were on level 7 of the Dungeon.
You worshipped Vehumet.
Vehumet was aware of your devotion.
You visited 2 branches of the dungeon, and saw 9 of its levels.

You collected 367 gold pieces.

Inventory:

Hand Weapons
 a - a +2 short sword of venom (weapon)
Missiles
 g - 7 poisoned darts
Armour
 k - a +0 cloak (worn)
 n - a +2 hat (worn)
 y - a +3 leather armour (worn)
 C - a +0 buckler (worn)
Magical Staves
 b - a staff of poison
Jewellery
 d - a ring of protection from fire (left hand)
 e - a ring of positive energy
 i - a ring of see invisible
 D - a ring of poison resistance (right hand)
Wands
 u - a wand of digging (7)
Scrolls
 c - a scroll of vulnerability {unknown}
 f - 2 scrolls of blinking
 h - 2 scrolls of enchant armour
 q - a scroll of immolation {unknown}
 r - 2 scrolls of identify
 t - a scroll of brand weapon {unknown}
 w - a scroll of fog {unknown}
 z - 3 scrolls of teleportation
 A - a scroll of amnesia {unknown}
Potions
 o - 5 potions of lignification
 p - 3 potions of magic
 s - 3 potions of resistance
 v - a potion of haste {unknown}
 x - a potion of degeneration {unknown}
 B - a potion of mutation {unknown}


   Skills:
 - Level 4.2 Dodging
 - Level 4.1 Stealth
 - Level 3.0 Shields
 - Level 5.0 Spellcasting
 + Level 9.1 Conjurations
 + Level 10.4 Air Magic


You had 2 spell levels left.
You knew the following spells:

 Your Spells              Type           Power      Damage    Failure   Level
a - Shock                 Conj/Air       100%       1d9       1%          1
b - Static Discharge      Conj/Air       88%        2-6/arc   1%          2
c - Swiftness             Air            46%        N/A       1%          3
d - Mephitic Cloud        Conj/Pois/Air  31%        N/A       4%          3
e - Airstrike             Air            23%        2d(4-20)  3%          4
f - Stone Arrow           Conj/Erth      46%        3d9       10%         3

Your spell library contained the following spells:

 Spells                   Type           Power      Damage    Failure   Level
 Kiss of Death            Conj/Necr      92%        2d12      3%          1
 Magic Dart               Conj           100%       1d8       1%          1
 Apportation              Tloc           10%        N/A       22%         1
 Beastly Appendage        Tmut           10%        N/A       22%         1
 Sandblast                Erth           10%        2d5       22%         1
 Summon Small Mammal      Summ           20%        N/A       22%         1
 Call Imp                 Summ           5%         N/A       32%         2
 Passwall                 Tmut/Erth      4%         N/A       32%         2
 Wereblood                Tmut           5%         N/A       32%         2
 Call Canine Familiar     Summ           5%         N/A       54%         3
 Summon Guardian Golem    Hex/Summ       5%         N/A       54%         3
 Alistair's Intoxication  Tmut/Pois      3%         N/A       99%         5
 Blade Hands              Tmut           2%         N/A       99%         5
 Yara's Violent Unravell  Hex/Tmut       2%         3d3       99%         5
 Statue Form              Tmut/Erth      3%         N/A       100%        6


Dungeon Overview and Level Annotations

Branches:
Dungeon (8/15)             Temple (1/1) D:5
   Lair: D:8-11

Altars:
Ashenzari
Dithmenos
Elyvilon
Fedhas
Gozag
Hepliaklqana
Kikubaaqudgha
Makhleb
Nemelex Xobeh
Okawaru
Qazlal
Ru
Sif Muna
Trog
Uskayaw
Vehumet
Wu Jian
Xom
Yredelemnul
Zin
The Shining One

Annotations:
D:5 exclusion: downstairs
D:6 exclusion: 2 downstairs


Innate Abilities, Weirdness & Mutations

You have a beak for a mouth.
You have claws for feet.
Your magical nature lets you fly swiftly and evasively.


Message History

The sky beast hits you but does no damage.
The sky beast flickers out of sight!
Deactivating autopickup; reactivate with Ctrl-A.
Something hits you but does no damage.
You miss something. Something hits you but does no damage.
You miss something. Your kick misses something. Your peck misses something.
Something barely misses you.
You closely miss something. Your kick misses something. Something hits you.
Something shocks you.
You hit something but do no damage. Something hits you. Something shocks you.
You barely miss something. You claw something. Something hits you.
Something shocks you.
* * * LOW HITPOINT WARNING * * *
You closely miss something. Your kick misses something.
Your peck misses something. Something hits you but does no damage.
A sky beast appears from thin air!
Reactivating autopickup.
The sky beast barely misses you.
You closely miss the sky beast. Your kick misses the sky beast.
The sky beast is almost dead.
You block the sky beast's attack.
You barely miss the sky beast. Your kick misses the sky beast.
The sky beast is almost dead.
The sky beast looks more healthy.
The sky beast barely misses you.
The sky beast hits you but does no damage.
You hit the sky beast.
You kill the sky beast!
Vehumet accepts your kill.
Your Conjurations skill increases to level 9!
A wight comes into view. It is wielding a +3 great sword.
The sky beast misses you.
You see here an iguana skeleton.
The sky beast hits you but does no damage.
There is a stone staircase leading up here.
The wight hits you with a +3 great sword!
* * * LOW HITPOINT WARNING * * *
The sky beast hits you.
* * * LOW HITPOINT WARNING * * *
The sky beast shocks you.
You die...

#.....##.................
#......^.............##..
#..........#.........###.
#..........#.##......# #
#.............)....### #
#.....##.........## #
##.###.#..÷g.###.## #
....##..Yz.#....... #
#.......@##....#####
###..######....# ##.
.....# # ##.##..+ ..# ###
..


You could see a sky beast, a gnoll sergeant and a wight.

Vanquished Creatures
  A two-headed ogre (D:8)
  A steam dragon (D:6)
  An ice beast (D:7)
  2 orc warriors
  A sky beast (D:7)
  2 ogres
  A phantom (D:5)
  A kobold brigand (D:7)
  A necrophage (D:5)
  3 scorpions
  2 wights (D:7)
  A howler monkey (D:8)
  2 hounds (D:6)
  2 jellies
  5 orc priests
  5 iguanas
  8 orc wizards
  A gnoll (D:7)
  5 adders
  A white imp (D:7)
  4 worms
  3 dart slugs
  27 orcs
  5 ball pythons
  8 bats
  8 endoplasms
  4 giant cockroaches
  3 goblins (D:1)
  4 hobgoblins
  4 jackals (D:2)
  15 kobolds
  4 quokkas
  4 frilled lizards
  7 rats
146 creatures vanquished.

Notes
Turn   | Place    | Note
-------+----------+-------------------------------------------
     0 | D:1      | ragingrage the Tengu Air Elementalist began the quest for
                  | the Orb.
     0 | D:1      | Reached XP level 1. HP: 10/10 MP: 4/4
   224 | D:1      | Reached XP level 2. HP: 15/15 MP: 4/6
   256 | D:1      | Found a faded altar of an unknown god.
   427 | D:1      | Learned a level 2 spell: Static Discharge
   811 | D:1      | Reached XP level 3. HP: 19/19 MP: 4/7
  2284 | D:2      | Reached XP level 4. HP: 24/24 MP: 6/8
  2313 | D:2      | Identified the +1 leather armour "Esmoagou" {+Inv}
  2655 | D:3      | Found Muweupuu's Magic Scroll Boutique.
  2834 | D:3      | Gained mutation: Your magical nature lets you fly swiftly
                  | and evasively. [Tengu growth]
  2834 | D:3      | Reached XP level 5. HP: 28/28 MP: 2/9
  2839 | D:3      | Learned a level 3 spell: Swiftness
  3067 | D:3      | Reached skill level 5 in Air Magic
  3183 | D:3      | Found an ornate altar of the Wu Jian Council.
  3393 | D:3      | Learned a level 3 spell: Mephitic Cloud
  3610 | D:4      | Found a glowing golden altar of the Shining One.
  3971 | D:4      | Reached XP level 6. HP: 32/32 MP: 5/11
  4491 | D:5      | Entered Level 5 of the Dungeon
  4929 | D:5      | Found a staircase to the Ecumenical Temple.
  4942 | Temple   | Entered the Ecumenical Temple
  5105 | Temple   | Became a worshipper of Vehumet
  5251 | D:5      | Reached XP level 7. HP: 36/36 MP: 7/13
  5450 | D:5      | Found a stormy altar of Qazlal.
  5453 | D:5      | Found a bloodstained altar of Trog.
  5899 | D:5      | Reached skill level 6 in Air Magic
  5906 | D:5      | Learned a level 4 spell: Airstrike
  6053 | D:6      | Noticed a steam dragon
  6166 | D:6      | Reached skill level 5 in Conjurations
  6444 | D:6      | Reached XP level 8. HP: 41/41 MP: 6/15
  6597 | D:6      | Reached skill level 7 in Air Magic
  6697 | D:6      | Found a sparkling altar of Nemelex Xobeh.
  6697 | D:6      | Found an opulent altar of Gozag.
  7253 | D:6      | Reached * piety under Vehumet
  7253 | D:6      | Offered knowledge of Kiss of Death by Vehumet.
  7390 | D:7      | Reached skill level 5 in Spellcasting
  7390 | D:7      | Reached skill level 8 in Air Magic
  7392 | D:7      | Noticed a hornet
  7464 | D:7      | Learned a level 3 spell: Stone Arrow
  7518 | D:7      | Reached skill level 1 in Shields
  7725 | D:7      | Reached XP level 9. HP: 35/45 MP: 3/17
  7871 | D:8      | Noticed a two-headed ogre
  8034 | D:8      | Got the Precepts of Sculpting
  8249 | D:8      | Killed a two-headed ogre
  8250 | D:8      | Reached skill level 9 in Air Magic
  8258 | D:8      | Reached skill level 10 in Air Magic
  8490 | D:7      | Slain by a sky beast

Illustrated notes

Levels and vault maps discovered:
D:1:      matt_arrival_los_fun, layout_loops_ring,
          shapermc_ecumenical_altar_mp_vishouse, lemuel_flame_loot_1
D:2:      layout_basic, minmay_quantized
D:3:      layout_basic, old_standard_altar, serial_shops,
          nicolae_shop_temple_entry_statues_fountains
D:4:      layout_gridville, tso_metal_star
D:5:      layout_basic, nicolae_overflow_hidden_temple,
          minmay_temple_entry_slanted
D:6:      layout_loops_ring, grunt_temple_overflow_opulence
D:7:      layout_cave_pools, enter_bailey_8, lightli_minifort
D:8:      layout_rooms
Temple:   bh_familiar_temple

Skill      XL: |  1  2  3  4  5  6  7  8  9 |
---------------+----------------------------+-----
Conjurations   | 2 3 4 5 7 9 |  9.1
Dodging        | 3 4 |  4.2
Stealth        | 3 4 |  4.1
Air Magic      | 5 6 8 10 | 10.4
Spellcasting   | 3 4 5 |  5.0
Shields        | 2 3 |  3.0

Action                   |  1- 3 |  4- 6 |  7- 9 || total
-------------------------+-------+-------+-------++-------
Melee: Unarmed           |     3 |       |       ||     3
       Kick              |     2 |     5 |     6 ||    13
       Peck              |     1 |     2 |     1 ||     4
       Dagger            |     6 |     7 |       ||    13
       Short sword       |       |     6 |    24 ||    30
       Rapier            |       |     2 |       ||     2
 Cast: Shock             |    88 |   119 |   174 ||   381
       Static Discharge  |       |     6 |    11 ||    17
       Mephitic Cloud    |       |       |     3 ||     3
  Use: Scroll            |       |     5 |       ||     5
       Potion            |       |       |     5 ||     5
 Stab: Sleeping          |       |     1 |       ||     1
Armor: Robe              |     5 |       |       ||     5
       Leather armour    |       |    12 |    20 ||    32
Dodge: Dodged            |    11 |    15 |    40 ||    66
Block: Buckler           |       |       |     8 ||     8

Table legend: (Time is in decaauts)
 A = Elapsed time spent in this place.
 B = Non-inter-level travel time spent in this place.
 C = Inter-level travel time spent in this place.
 D = Time resting spent in this place.
 E = Time spent auto-exploring this place.
 F = Levels seen in this place.
 G = Mean time per level.
                   A        B        C        D        E       F      G
               +--------+--------+--------+--------+--------+-----+--------+
         Total |   8172 |   7740 |    432 |   1161 |   5287 |   9 |  908.0 |
       Dungeon |   8002 |   7598 |    404 |   1161 |   5149 |   8 | 1000.2 |
        Temple |    170 |    142 |     28 |      0 |    137 |   1 |  170.0 |
               +--------+--------+--------+--------+--------+-----+--------+

Top non-repeatable levels by time:
     D:1: 1374 daAuts
     D:6: 1348 daAuts
     D:4: 1165 daAuts
     D:5: 1115 daAuts
     D:3: 1060 daAuts
     D:2: 1014 daAuts
     D:8: 678 daAuts
     D:7: 244 daAuts
  Temple: 170 daAuts
